Vancouver Canucks vs Vegas Golden Knights
Created - Saturday, June 1, 2024 at 09:06
Goals
|
| Vancouver Canucks |
2 |
1 |
0 |
3 |
| Vegas Golden Knights |
1 |
0 |
0 |
1 |
|
Shots
|
| Vancouver Canucks |
14 |
7 |
4 |
25 |
| Vegas Golden Knights |
10 |
10 |
14 |
34 |
|
1st period
1. Vancouver Canucks , Sam Lafferty 4 (Miro Heiskanen 28, Robby Fabbri 8) at 10:44
2. Vancouver Canucks , Mikko Rantanen 30 (Miro Heiskanen 29, Aleksander Barkov 42) at 12:12
3. Vegas Golden Knights , Sean Monahan 25 (Travis Hamonic 4) at 14:48
Penalties :
Jesperi Kotkaniemi (VAN) for Interference (Minor) at 7:03
2nd period
4. Vancouver Canucks , Robby Fabbri 9 (Sam Lafferty 11, Jesperi Kotkaniemi 15) at 18:07
Penalties :
Clayton Keller (VAN) for Hooking (Minor) at 1:21, Chris Kreider (VGK) for Tripping (Minor) at 8:24, Jake Bean (VAN) for Slashing (Minor) at 15:53
3rd period
No Goal
Penalties :
Clayton Keller (VAN) for Roughing (Minor) at 1:46, Chad Ruhwedel (VAN) for Slashing (Minor) at 6:23, Mikko Rantanen (VAN) for Tripping (Minor) at 13:08, Reilly Smith (VGK) for Tripping (Minor) at 16:44
Goalie Stats
Ville Husso (VAN), 33 saves from 34 shots - (0.971), W, 12-19-1, 60:00 minutes
Alexandar Georgiev (VGK), 22 saves from 25 shots - (0.880), L, 34-19-4, 60:00 minutes
Players Stats for Vancouver Canucks
Player Name G A P +/- PIM S H SB GA TA FO MP PP MP PK MP
------------------------------------------------------------------------------------
Adam Boqvist 0 0 0 1 0 0 0 0 0 0 0/0 13:17 0:00 0:23
Aleksander Barkov 0 1 1 1 0 3 1 0 1 0 13/20 19:07 2:05 5:32
Anton Lundell 0 0 0 1 0 0 1 0 0 0 0/0 10:27 0:00 0:24
Artturi Lehkonen 0 0 0 1 0 1 0 0 2 0 1/3 18:48 1:53 5:43
Casey Mittelstadt 0 0 0 0 0 1 2 0 0 0 4/12 14:35 1:53 1:26
Chad Ruhwedel 0 0 0 1 2 0 2 2 0 0 0/0 21:33 2:09 5:19
Clayton Keller 0 0 0 0 4 2 0 1 0 0 0/1 17:11 2:05 3:36
Jacob Bryson 0 0 0 1 0 1 0 0 0 2 0/0 22:38 2:09 6:03
Jake Bean 0 0 0 1 2 2 3 0 0 1 0/0 12:56 0:00 0:00
Jesperi Kotkaniemi 0 1 1 0 2 1 4 0 1 0 3/6 14:53 0:00 2:45
Kasperi Kapanen 0 0 0 0 0 0 1 0 0 1 1/1 11:03 0:00 0:00
Mikko Rantanen 1 0 1 1 2 5 2 0 0 0 0/0 17:56 2:05 4:22
Miro Heiskanen 0 2 2 0 0 1 0 1 2 1 0/0 25:09 1:49 6:12
Noah Cates 0 0 0 0 0 0 0 0 0 0 0/0 11:26 0:00 0:00
Noah Hanifin 0 0 0 0 0 0 2 2 0 0 0/0 24:28 1:49 5:51
Robby Fabbri 1 1 2 1 0 3 2 0 0 0 0/4 9:34 0:00 0:00
Sam Lafferty 1 1 2 1 0 4 1 0 1 0 0/0 9:34 0:00 0:00
Taylor Raddysh 0 0 0 0 0 1 1 1 0 0 1/1 13:25 1:53 0:00
Players Stats for Vegas Golden Knights
Player Name G A P +/- PIM S H SB GA TA FO MP PP MP PK MP
------------------------------------------------------------------------------------
Alex Chiasson 0 0 0 -1 0 2 1 0 1 0 0/0 15:16 6:11 0:00
Chris Kreider 0 0 0 0 2 3 1 1 0 1 0/3 18:57 5:54 0:14
Eric Staal 0 0 0 -1 0 0 0 0 0 0 4/5 11:32 0:00 1:53
Jack Roslovic 0 0 0 0 0 2 0 0 0 1 0/2 18:13 5:57 0:00
Joe Pavelski 0 0 0 0 0 5 2 0 1 0 2/5 19:29 5:54 0:14
John Marino 0 0 0 0 0 0 0 1 0 2 0/0 16:29 0:00 1:59
Jonathan Drouin 0 0 0 -1 0 0 0 0 1 1 0/0 9:04 0:00 0:00
Jordan Staal 0 0 0 -1 0 0 1 0 0 0 1/4 11:41 0:03 1:53
Marc Staal 0 0 0 0 0 1 0 2 0 0 0/0 16:06 0:00 1:59
Marc-Edouard Vlasic 0 0 0 -1 0 1 3 1 0 0 0/0 12:59 0:00 1:59
Nikolaj Ehlers 0 0 0 -1 0 5 2 0 0 0 0/0 18:34 5:57 0:00
Reilly Smith 0 0 0 -1 2 5 0 0 0 0 1/1 16:04 5:51 0:00
Roman Josi 0 0 0 0 0 2 1 1 1 0 0/0 23:46 5:43 0:00
Sean Couturier 0 0 0 0 0 3 2 0 0 0 7/14 19:38 5:57 1:51
Sean Monahan 1 0 1 -1 0 2 1 1 1 1 10/14 16:28 0:09 1:51
Shea Theodore 0 0 0 -1 0 1 3 2 0 1 0/0 24:00 6:11 0:00
Travis Hamonic 0 1 1 -1 0 0 0 1 0 0 0/0 13:22 0:00 1:59
Tyler Bertuzzi 0 0 0 0 0 2 0 0 0 0 0/0 14:22 5:43 0:00
3 Stars
1 - Ville Husso (VAN)
2 - Robby Fabbri (VAN)
3 - Sam Lafferty (VAN)
Power Play
Vancouver Canucks - 0 on 2 Attempt(s) - 0.00%
Vegas Golden Knights - 0 on 6 Attempt(s) - 0.00%
Penalty Kill
Vancouver Canucks - 6 on 6 Attempt(s) - 100.00%
- Score 0 goal in Penalty Kill
Vegas Golden Knights - 2 on 2 Attempt(s) - 100.00%
- Score 0 goal in Penalty Kill
Team Stat
Vancouver Canucks - Hits : 22 - Faceoff Wins : 23 - Blocked Shots : 7 - Penalty Minutes : 12
Vegas Golden Knights - Hits : 17 - Faceoff Wins : 25 - Blocked Shots : 10 - Penalty Minutes : 4
Official
Referees : TJ Luxmore and Wes McCauley
Linesman : Andy McElman and Ryan Galloway
Game Notes
No Game Note
Finance
Level 1 -- Attendance: 5991 (99.85%) -- Ticket Income $569,145
Level 2 -- Attendance: 5000 (100.00%) -- Ticket Income $275,000
Level 3 -- Attendance: 2897 (96.57%) -- Ticket Income $86,910
Level 4 -- Attendance: 4759 (95.18%) -- Ticket Income $95,180
Luxury Box -- Attendance: 931 (93.10%) -- Ticket Income $176,890
Game was played at the T-Mobile Arena.
Total Attendance: 19578 (97.89%)
Total Ticket Income: $1,203,125
Other Income: $421,094
Total Income: $1,624,219
Vancouver Canucks
5 vs 5 Forward
Center Left Wing Right Wing Time % Phy DF OF
1 Aleksander Barkov Artturi Lehkonen Mikko Rantanen 30 1 2 2
2 Casey Mittelstadt Clayton Keller Kasperi Kapanen 30 1 2 2
3 Jesperi Kotkaniemi Noah Cates Taylor Raddysh 25 1 2 2
4 Robby Fabbri Anton Lundell Sam Lafferty 15 1 2 2
5 vs 5 Defense
Defense Defense Time % Phy DF OF
1 Noah Hanifin Miro Heiskanen 30 1 2 2
2 Chad Ruhwedel Jacob Bryson 30 1 2 2
3 Adam Boqvist Jake Bean 25 1 2 2
4 Noah Hanifin Miro Heiskanen 15 1 2 2
PowerPlay Forward
Center Left Wing Right Wing Time % Phy DF OF
1 Aleksander Barkov Clayton Keller Mikko Rantanen 50 1 2 2
2 Casey Mittelstadt Artturi Lehkonen Taylor Raddysh 50 1 2 2
PowerPlay Defense
Defense Defense Time % Phy DF OF
1 Noah Hanifin Miro Heiskanen 50 1 2 2
2 Chad Ruhwedel Jacob Bryson 50 1 2 2
Penalty Kill 4 Players Forward
Center Wing Time % Phy DF OF
1 Aleksander Barkov Mikko Rantanen 50 1 2 2
2 Clayton Keller Artturi Lehkonen 50 1 2 2
Penalty Kill 4 Players Defense
Defense Defense Time % Phy DF OF
1 Noah Hanifin Miro Heiskanen 50 1 2 2
2 Chad Ruhwedel Jacob Bryson 50 1 2 2
Penalty Kill - 3 Players Forward
Forward Time % Phy DF OF
1 Aleksander Barkov 50 1 2 2
2 Mikko Rantanen 50 1 2 2
Penalty Kill - 3 Players Defense
Defense Defense Time % Phy DF OF
1 Noah Hanifin Miro Heiskanen 50 1 2 2
2 Chad Ruhwedel Adam Boqvist 50 1 2 2
4 vs 4 Forward
Center Wing Time % Phy DF OF
1 Aleksander Barkov Mikko Rantanen 50 1 2 2
2 Clayton Keller Artturi Lehkonen 50 1 2 2
4 vs 4 Defense
Defense Defense Time % Phy DF OF
1 Noah Hanifin Miro Heiskanen 50 1 2 2
2 Chad Ruhwedel Jacob Bryson 50 1 2 2
Last Minutes Offensive
Center Left Wing Right Wing Defense Defense
Aleksander Barkov Clayton Keller Mikko Rantanen Noah Hanifin Miro Heiskanen
Last Minutes Defensive
Center Left Wing Right Wing Defense Defense
Aleksander Barkov Clayton Keller Mikko Rantanen Noah Hanifin Miro Heiskanen
Goaltenders
Starting : Ville Husso
Backup : Joonas Korpisalo
Extra Forwards
Normal : Taylor Raddysh, Anton Lundell, Jesperi Kotkaniemi - PP : Taylor Raddysh, Anton Lundell - PK : Jesperi Kotkaniemi
Extra Defensemen
Normal : Miro Heiskanen, Jacob Bryson, Chad Ruhwedel - PP : Noah Hanifin - PK : Jacob Bryson, Chad Ruhwedel
Penalty Shots
Aleksander Barkov, Mikko Rantanen, Clayton Keller, Artturi Lehkonen, Casey Mittelstadt
Vegas Golden Knights
5 vs 5 Forward
Center Left Wing Right Wing Time % Phy DF OF
1 Sean Monahan Chris Kreider Joe Pavelski 35 1 2 2
2 Sean Couturier Nikolaj Ehlers Jack Roslovic 30 1 2 2
3 Jordan Staal Tyler Bertuzzi Reilly Smith 25 1 2 2
4 Eric Staal Jonathan Drouin Alex Chiasson 10 1 2 2
5 vs 5 Defense
Defense Defense Time % Phy DF OF
1 Roman Josi Shea Theodore 35 1 2 2
2 Marc Staal John Marino 30 1 2 2
3 Marc-Edouard Vlasic Travis Hamonic 25 1 2 2
4 Roman Josi Shea Theodore 10 1 2 2
PowerPlay Forward
Center Left Wing Right Wing Time % Phy DF OF
1 Joe Pavelski Chris Kreider Reilly Smith 50 1 2 2
2 Sean Couturier Nikolaj Ehlers Jack Roslovic 50 1 2 2
PowerPlay Defense
Defense Defense Time % Phy DF OF
1 Tyler Bertuzzi Roman Josi 50 1 2 2
2 Alex Chiasson Shea Theodore 50 1 2 2
Penalty Kill 4 Players Forward
Center Wing Time % Phy DF OF
1 Sean Couturier Sean Monahan 50 1 2 2
2 Eric Staal Jordan Staal 50 1 2 2
Penalty Kill 4 Players Defense
Defense Defense Time % Phy DF OF
1 John Marino Travis Hamonic 50 1 2 2
2 Marc-Edouard Vlasic Marc Staal 50 1 2 2
Penalty Kill - 3 Players Forward
Forward Time % Phy DF OF
1 Sean Couturier 50 1 2 2
2 Jordan Staal 50 1 2 2
Penalty Kill - 3 Players Defense
Defense Defense Time % Phy DF OF
1 John Marino Travis Hamonic 50 1 2 2
2 Eric Staal Marc Staal 50 1 2 2
4 vs 4 Forward
Center Wing Time % Phy DF OF
1 Joe Pavelski Chris Kreider 50 1 2 2
2 Jonathan Drouin Alex Chiasson 50 1 2 2
4 vs 4 Defense
Defense Defense Time % Phy DF OF
1 Roman Josi Shea Theodore 50 1 2 2
2 Marc-Edouard Vlasic John Marino 50 1 2 2
Last Minutes Offensive
Center Left Wing Right Wing Defense Defense
Joe Pavelski Chris Kreider Nikolaj Ehlers Roman Josi John Marino
Last Minutes Defensive
Center Left Wing Right Wing Defense Defense
Sean Couturier Jordan Staal Sean Monahan Marc Staal Travis Hamonic
Goaltenders
Starting : Alexandar Georgiev
Backup : Philipp Grubauer
Extra Forwards
Normal : Reilly Smith, Joe Pavelski, Chris Kreider - PP : Sean Monahan, Sean Couturier - PK : Reilly Smith
Extra Defensemen
Normal : John Marino, Roman Josi, Shea Theodore - PP : Marc Staal - PK : Shea Theodore, Roman Josi
Penalty Shots
Jack Roslovic, Sean Monahan, Joe Pavelski, Chris Kreider, Eric Staal
% Time on Ice - Vancouver Canucks
Lines # - Real PCT - Wanted PCT - Time Play
Normal Forward
1 - 27% - 30% - 12:02
2 - 25% - 30% - 11:06
3 - 26% - 25% - 11:26
4 - 22% - 15% - 9:34
Normal Defense
1 - 29% - 30% - 12:48
2 - 33% - 30% - 14:26
3 - 29% - 25% - 12:54
4 - 9% - 15% - 4:00
PP Forward
1 - 53% - 50% - 2:05
2 - 47% - 50% - 1:53
PP Defense
1 - 46% - 50% - 1:49
2 - 54% - 50% - 2:09
PK Forward
1 - 49% - 50% - 5:47
2 - 51% - 50% - 6:07
PK Defense
1 - 49% - 50% - 5:51
2 - 51% - 50% - 6:03
PK3 Forward
1 - 0% - 50%
2 - 0% - 50%
PK3 Defense
1 - 0% - 50%
2 - 0% - 50%
44 Forward
1 - 0% - 50%
2 - 0% - 50%
44 Defense
1 - 0% - 50%
2 - 0% - 50%
Last Minute Offensive - 0:00
Last Minute Defensive - 0:00
Total
Forward - 60:00
Defense - 60:00
|
% Time on Ice - Vegas Golden Knights
Lines # - Real PCT - Wanted PCT - Time Play
Normal Forward
1 - 29% - 35% - 12:35
2 - 30% - 30% - 13:09
3 - 21% - 25% - 9:20
4 - 21% - 10% - 9:04
Normal Defense
1 - 37% - 35% - 16:13
2 - 33% - 30% - 14:42
3 - 25% - 25% - 11:00
4 - 5% - 10% - 2:13
PP Forward
1 - 50% - 50% - 5:57
2 - 50% - 50% - 5:57
PP Defense
1 - 48% - 50% - 5:43
2 - 52% - 50% - 6:11
PK Forward
1 - 53% - 50% - 2:05
2 - 47% - 50% - 1:53
PK Defense
1 - 50% - 50% - 1:59
2 - 50% - 50% - 1:59
PK3 Forward
1 - 0% - 50%
2 - 0% - 50%
PK3 Defense
1 - 0% - 50%
2 - 0% - 50%
44 Forward
1 - 0% - 50%
2 - 0% - 50%
44 Defense
1 - 0% - 50%
2 - 0% - 50%
Last Minute Offensive - 0:00
Last Minute Defensive - 0:00
Total
Forward - 60:00
Defense - 60:00
|
Play-by-Play
1st period
0:01 of 1st period - Sean Monahan wins face-off versus Aleksander Barkov in neutral zone.
0:26 of 1st period - Shea Theodore is hit by Kasperi Kapanen and loses puck.
1:27 of 1st period - Artturi Lehkonen is hit by Joe Pavelski and loses puck.
1:54 of 1st period - Chad Ruhwedel is hit by Roman Josi and loses puck.
2:33 of 1st period - Slapshot by Tyler Bertuzzi.
2:33 of 1st period - Deflect By Reilly Smith.
2:33 of 1st period - Stopped by Ville Husso without a rebound.
2:34 of 1st period - Casey Mittelstadt wins face-off versus Jordan Staal in Vancouver Canucks zone.
2:59 of 1st period - Aleksander Barkov is hit by Marc-Edouard Vlasic and loses puck.
3:20 of 1st period - Snap shot by Nikolaj Ehlers.
3:20 of 1st period - Stopped by Ville Husso with a rebound.
3:24 of 1st period - Slapshot by Nikolaj Ehlers.
3:24 of 1st period - Stopped by Ville Husso with a rebound.
4:03 of 1st period - Snap shot by Tyler Bertuzzi.
4:03 of 1st period - Shot Misses the Net.
4:05 of 1st period - Snap shot by John Marino.
4:05 of 1st period - Shot Misses the Net.
4:25 of 1st period - Slapshot by Mikko Rantanen.
4:25 of 1st period - Stopped by Alexandar Georgiev with a rebound.
4:27 of 1st period - Slapshot by Jake Bean.
4:27 of 1st period - Deflect By Aleksander Barkov.
4:27 of 1st period - Stopped by Alexandar Georgiev with a rebound.
4:29 of 1st period - Wrist shot by Artturi Lehkonen.
4:29 of 1st period - Deflect By Mikko Rantanen.
4:29 of 1st period - Stopped by Alexandar Georgiev without a rebound.
4:30 of 1st period - Sean Couturier wins face-off versus Casey Mittelstadt in Vegas Golden Knights zone.
4:30 of 1st period - Sean Couturier is hit by Casey Mittelstadt.
4:57 of 1st period - Icing by Roman Josi.
4:58 of 1st period - Sean Monahan wins face-off versus Aleksander Barkov in Vegas Golden Knights zone.
5:02 of 1st period - Off-side.
5:03 of 1st period - Sean Monahan wins face-off versus Jesperi Kotkaniemi in neutral zone.
6:20 of 1st period - Off-side.
6:21 of 1st period - Sean Monahan wins face-off versus Casey Mittelstadt in neutral zone.
6:48 of 1st period - Sean Couturier is hit by Jake Bean and loses puck.
7:03 of 1st period - Minor Penalty to Jesperi Kotkaniemi for Interference.
7:04 of 1st period - Aleksander Barkov wins face-off versus Joe Pavelski in Vancouver Canucks zone.
9:03 of 1st period - Penalty to Jesperi Kotkaniemi is over, Jesperi Kotkaniemi is back on ice.
9:17 of 1st period - Wrist shot by Jonathan Drouin.
9:17 of 1st period - Shot Blocked by Noah Hanifin.
9:19 of 1st period - Slapshot by Marc Staal.
9:19 of 1st period - Stopped by Ville Husso with a rebound.
9:35 of 1st period - Slapshot by Sam Lafferty.
9:35 of 1st period - Stopped by Alexandar Georgiev without a rebound.
9:36 of 1st period - Jordan Staal wins face-off versus Robby Fabbri in Vegas Golden Knights zone.
10:44 of 1st period - Slapshot by Sam Lafferty.
10:44 of 1st period - Goal by Sam Lafferty - Vancouver Canucks : 1 - Vegas Golden Knights : 0.
10:45 of 1st period - Aleksander Barkov wins face-off versus Sean Couturier in neutral zone.
10:56 of 1st period - Wrist shot by Sean Couturier.
10:56 of 1st period - Stopped by Ville Husso with a rebound.
12:08 of 1st period - Wrist shot by Aleksander Barkov.
12:08 of 1st period - Shot Blocked by Marc-Edouard Vlasic.
12:10 of 1st period - Backhand shot by Miro Heiskanen.
12:10 of 1st period - Stopped by Alexandar Georgiev with a rebound.
12:12 of 1st period - Wrist shot by Mikko Rantanen.
12:12 of 1st period - Goal by Mikko Rantanen - Vancouver Canucks : 2 - Vegas Golden Knights : 0.
12:13 of 1st period - Aleksander Barkov wins face-off versus Chris Kreider in neutral zone.
12:22 of 1st period - Wrist shot by Mikko Rantanen.
12:22 of 1st period - Shot Blocked by Sean Monahan.
12:24 of 1st period - Snap shot by Noah Hanifin.
12:24 of 1st period - Shot Blocked by Chris Kreider.
13:20 of 1st period - Jonathan Drouin is hit by Robby Fabbri and loses puck.
13:31 of 1st period - Wrist shot by Sam Lafferty.
13:31 of 1st period - Shot Misses the Net.
13:33 of 1st period - Snap shot by Jacob Bryson.
13:33 of 1st period - Shot Blocked by Marc Staal.
14:48 of 1st period - Snap shot by Sean Monahan.
14:48 of 1st period - Goal by Sean Monahan - Vancouver Canucks : 2 - Vegas Golden Knights : 1.
14:49 of 1st period - Sean Monahan wins face-off versus Artturi Lehkonen in neutral zone.
14:51 of 1st period - Off-side.
14:52 of 1st period - Sean Monahan wins face-off versus Artturi Lehkonen in neutral zone.
15:09 of 1st period - Snap shot by Aleksander Barkov.
15:09 of 1st period - Stopped by Alexandar Georgiev without a rebound.
15:10 of 1st period - Casey Mittelstadt wins face-off versus Sean Couturier in Vegas Golden Knights zone.
15:13 of 1st period - Wrist shot by Clayton Keller.
15:13 of 1st period - Shot Blocked by Shea Theodore.
15:21 of 1st period - Snap shot by Nikolaj Ehlers.
15:21 of 1st period - Stopped by Ville Husso with a rebound.
16:02 of 1st period - Marc Staal is hit by Jesperi Kotkaniemi and loses puck.
16:21 of 1st period - Snap shot by Robby Fabbri.
16:21 of 1st period - Stopped by Alexandar Georgiev without a rebound.
16:22 of 1st period - Eric Staal wins face-off versus Robby Fabbri in Vegas Golden Knights zone.
17:04 of 1st period - Snap shot by Jonathan Drouin.
17:04 of 1st period - Shot Misses the Net.
17:12 of 1st period - Roman Josi is hit by Sam Lafferty and loses puck.
17:32 of 1st period - Slapshot by Shea Theodore.
17:32 of 1st period - Shot Misses the Net.
17:44 of 1st period - Slapshot by Sam Lafferty.
17:44 of 1st period - Shot Misses the Net.
17:46 of 1st period - Wrist shot by Jake Bean.
17:46 of 1st period - Stopped by Alexandar Georgiev with a rebound.
18:10 of 1st period - Snap shot by Sam Lafferty.
18:10 of 1st period - Shot Misses the Net.
18:12 of 1st period - Snap shot by Robby Fabbri.
18:12 of 1st period - Shot Misses the Net.
18:14 of 1st period - Slapshot by Jake Bean.
18:14 of 1st period - Deflect By Shea Theodore.
18:14 of 1st period - Stopped by Alexandar Georgiev without a rebound.
18:15 of 1st period - Casey Mittelstadt wins face-off versus Sean Monahan in Vegas Golden Knights zone.
18:18 of 1st period - Snap shot by Clayton Keller.
18:18 of 1st period - Stopped by Alexandar Georgiev with a rebound.
18:20 of 1st period - Wrist shot by Clayton Keller.
18:20 of 1st period - Shot Misses the Net.
18:22 of 1st period - Wrist shot by Kasperi Kapanen.
18:22 of 1st period - Shot Misses the Net.
18:26 of 1st period - Wrist shot by Clayton Keller.
18:26 of 1st period - Stopped by Alexandar Georgiev with a rebound.
18:28 of 1st period - Snap shot by Casey Mittelstadt.
18:28 of 1st period - Shot Hit the Post.
18:40 of 1st period - Marc Staal is hit by Taylor Raddysh and loses puck.
18:49 of 1st period - Snap shot by Joe Pavelski.
18:49 of 1st period - Stopped by Ville Husso with a rebound.
18:55 of 1st period - Snap shot by Joe Pavelski.
18:55 of 1st period - Stopped by Ville Husso with a rebound.
18:57 of 1st period - Slapshot by Travis Hamonic.
18:57 of 1st period - Shot Blocked by Taylor Raddysh.
19:03 of 1st period - Slapshot by Chris Kreider.
19:03 of 1st period - Shot Misses the Net.
19:05 of 1st period - Snap shot by Sean Monahan.
19:05 of 1st period - Stopped by Ville Husso with a rebound.
19:24 of 1st period - Slapshot by Taylor Raddysh.
19:24 of 1st period - Stopped by Alexandar Georgiev without a rebound.
19:25 of 1st period - Aleksander Barkov wins face-off versus Jack Roslovic in Vegas Golden Knights zone.
Goals for this period are 2 for Vancouver Canucks vs 1 for Vegas Golden Knights.
Shots for this period are 14 for Vancouver Canucks vs 10 for Vegas Golden Knights.
2nd period
0:01 of 2nd period - Kasperi Kapanen wins face-off versus Sean Couturier in neutral zone.
0:26 of 2nd period - Nikolaj Ehlers is hit by Jesperi Kotkaniemi and loses puck.
0:35 of 2nd period - Wrist shot by Sean Couturier.
0:35 of 2nd period - Stopped by Ville Husso without a rebound.
0:36 of 2nd period - Aleksander Barkov wins face-off versus Sean Monahan in Vancouver Canucks zone.
0:45 of 2nd period - Slapshot by Mikko Rantanen.
0:45 of 2nd period - Shot Misses the Net.
1:21 of 2nd period - Minor Penalty to Clayton Keller for Hooking.
1:22 of 2nd period - Sean Couturier wins face-off versus Jesperi Kotkaniemi in Vancouver Canucks zone.
1:33 of 2nd period - Snap shot by Sean Couturier.
1:33 of 2nd period - Shot Misses the Net.
1:35 of 2nd period - Wrist shot by Nikolaj Ehlers.
1:35 of 2nd period - Shot Misses the Net.
1:37 of 2nd period - Slapshot by Alex Chiasson.
1:37 of 2nd period - Stopped by Ville Husso with a rebound.
1:54 of 2nd period - Slapshot by Roman Josi.
1:54 of 2nd period - Stopped by Ville Husso with a rebound.
3:21 of 2nd period - Penalty to Clayton Keller is over, Clayton Keller is back on ice.
3:26 of 2nd period - Miro Heiskanen is hit by Shea Theodore and loses puck.
3:40 of 2nd period - Wrist shot by Mikko Rantanen.
3:40 of 2nd period - Stopped by Alexandar Georgiev without a rebound.
3:41 of 2nd period - Sean Monahan wins face-off versus Jesperi Kotkaniemi in Vegas Golden Knights zone.
3:41 of 2nd period - Sean Monahan is hit by Jesperi Kotkaniemi.
3:57 of 2nd period - Wrist shot by Casey Mittelstadt.
3:57 of 2nd period - Stopped by Alexandar Georgiev without a rebound.
3:58 of 2nd period - Eric Staal wins face-off versus Casey Mittelstadt in Vegas Golden Knights zone.
4:03 of 2nd period - Miro Heiskanen is hit by Alex Chiasson.
4:21 of 2nd period - Wrist shot by Mikko Rantanen.
4:21 of 2nd period - Stopped by Alexandar Georgiev without a rebound.
4:22 of 2nd period - Aleksander Barkov wins face-off versus Sean Couturier in Vegas Golden Knights zone.
5:52 of 2nd period - Miro Heiskanen is hit by Sean Couturier and loses puck.
6:19 of 2nd period - Clayton Keller is hit by Marc-Edouard Vlasic.
7:05 of 2nd period - Slapshot by Roman Josi.
7:05 of 2nd period - Deflect By Alex Chiasson.
7:05 of 2nd period - Stopped by Ville Husso with a rebound.
7:31 of 2nd period - Snap shot by Jesperi Kotkaniemi.
7:31 of 2nd period - Stopped by Alexandar Georgiev without a rebound.
7:32 of 2nd period - Aleksander Barkov wins face-off versus Chris Kreider in Vegas Golden Knights zone.
7:45 of 2nd period - Snap shot by Joe Pavelski.
7:45 of 2nd period - Stopped by Ville Husso with a rebound.
7:47 of 2nd period - Wrist shot by Shea Theodore.
7:47 of 2nd period - Deflect By Mikko Rantanen.
7:47 of 2nd period - Stopped by Ville Husso without a rebound.
7:48 of 2nd period - Sean Couturier wins face-off versus Casey Mittelstadt in Vancouver Canucks zone.
7:57 of 2nd period - Wrist shot by Jack Roslovic.
7:57 of 2nd period - Shot Misses the Net.
7:59 of 2nd period - Slapshot by Shea Theodore.
7:59 of 2nd period - Shot Misses the Net.
8:01 of 2nd period - Slapshot by Jack Roslovic.
8:01 of 2nd period - Shot Misses the Net.
8:24 of 2nd period - Minor Penalty to Chris Kreider for Tripping.
8:25 of 2nd period - Sean Couturier wins face-off versus Aleksander Barkov in Vegas Golden Knights zone.
8:25 of 2nd period - Sean Couturier is hit by Mikko Rantanen.
9:04 of 2nd period - Snap shot by Artturi Lehkonen.
9:04 of 2nd period - Stopped by Alexandar Georgiev with a rebound.
9:24 of 2nd period - Casey Mittelstadt is hit by Marc-Edouard Vlasic and loses puck.
10:24 of 2nd period - Penalty to Chris Kreider is over, Chris Kreider is back on ice.
10:53 of 2nd period - Nikolaj Ehlers is hit by Jesperi Kotkaniemi and loses puck.
11:38 of 2nd period - Casey Mittelstadt is hit by Nikolaj Ehlers and loses puck.
11:45 of 2nd period - Snap shot by Jack Roslovic.
11:45 of 2nd period - Shot Hit the Post.
12:15 of 2nd period - Anton Lundell is hit by Joe Pavelski and loses puck.
12:45 of 2nd period - Wrist shot by Jack Roslovic.
12:45 of 2nd period - Shot Misses the Net.
12:47 of 2nd period - Slapshot by Nikolaj Ehlers.
12:47 of 2nd period - Stopped by Ville Husso with a rebound.
12:49 of 2nd period - Snap shot by Jack Roslovic.
12:49 of 2nd period - Stopped by Ville Husso without a rebound.
12:50 of 2nd period - Eric Staal wins face-off versus Casey Mittelstadt in Vancouver Canucks zone.
12:51 of 2nd period - Snap shot by Jonathan Drouin.
12:51 of 2nd period - Shot Blocked by Clayton Keller.
13:05 of 2nd period - Eric Staal is hit by Jake Bean and loses puck.
14:20 of 2nd period - Jordan Staal is hit by Robby Fabbri and loses puck.
14:27 of 2nd period - Slapshot by Robby Fabbri.
14:27 of 2nd period - Stopped by Alexandar Georgiev with a rebound.
14:29 of 2nd period - Slapshot by Miro Heiskanen.
14:29 of 2nd period - Shot Blocked by Shea Theodore.
15:10 of 2nd period - Snap shot by Jesperi Kotkaniemi.
15:10 of 2nd period - Shot Misses the Net.
15:35 of 2nd period - Marc Staal is hit by Chad Ruhwedel and loses puck.
15:50 of 2nd period - Wrist shot by Sean Monahan.
15:50 of 2nd period - Deflect By Joe Pavelski.
15:50 of 2nd period - Shot Misses the Net.
15:50 of 2nd period - Puck is out of play.
15:51 of 2nd period - Aleksander Barkov wins face-off versus Sean Monahan in Vancouver Canucks zone.
15:53 of 2nd period - Minor Penalty to Jake Bean for Slashing.
15:54 of 2nd period - Joe Pavelski wins face-off versus Aleksander Barkov in Vancouver Canucks zone.
16:08 of 2nd period - Slapshot by Reilly Smith.
16:08 of 2nd period - Stopped by Ville Husso with a rebound.
16:25 of 2nd period - Slapshot by Jack Roslovic.
16:25 of 2nd period - Shot Misses the Net.
16:27 of 2nd period - Slapshot by Jack Roslovic.
16:27 of 2nd period - Shot Misses the Net.
16:29 of 2nd period - Slapshot by Shea Theodore.
16:29 of 2nd period - Shot Misses the Net.
17:53 of 2nd period - Penalty to Jake Bean is over, Jake Bean is back on ice.
18:07 of 2nd period - Snap shot by Robby Fabbri.
18:07 of 2nd period - Goal by Robby Fabbri - Vancouver Canucks : 3 - Vegas Golden Knights : 1.
18:08 of 2nd period - Sean Couturier wins face-off versus Casey Mittelstadt in neutral zone.
18:17 of 2nd period - Snap shot by Sean Couturier.
18:17 of 2nd period - Shot Misses the Net.
19:08 of 2nd period - Wrist shot by Reilly Smith.
19:08 of 2nd period - Stopped by Ville Husso without a rebound.
19:09 of 2nd period - Sean Couturier wins face-off versus Casey Mittelstadt in Vancouver Canucks zone.
19:14 of 2nd period - Snap shot by Nikolaj Ehlers.
19:14 of 2nd period - Shot Misses the Net.
19:26 of 2nd period - Sean Couturier is hit by Casey Mittelstadt and loses puck.
Goals for this period are 1 for Vancouver Canucks vs 0 for Vegas Golden Knights.
Shots for this period are 7 for Vancouver Canucks vs 10 for Vegas Golden Knights.
3rd period
0:01 of 3rd period - Sean Monahan wins face-off versus Clayton Keller in neutral zone.
0:04 of 3rd period - Wrist shot by Chris Kreider.
0:04 of 3rd period - Shot Blocked by Noah Hanifin.
0:09 of 3rd period - Off-side.
0:10 of 3rd period - Casey Mittelstadt wins face-off versus Sean Monahan in neutral zone.
0:14 of 3rd period - Off-side.
0:15 of 3rd period - Sean Monahan wins face-off versus Casey Mittelstadt in neutral zone.
0:28 of 3rd period - Snap shot by Sean Monahan.
0:28 of 3rd period - Deflect By Joe Pavelski.
0:28 of 3rd period - Stopped by Ville Husso with a rebound.
0:30 of 3rd period - Slapshot by Marc-Edouard Vlasic.
0:30 of 3rd period - Stopped by Ville Husso with a rebound.
1:04 of 3rd period - Slapshot by Reilly Smith.
1:04 of 3rd period - Stopped by Ville Husso without a rebound.
1:05 of 3rd period - Jesperi Kotkaniemi wins face-off versus Jordan Staal in Vancouver Canucks zone.
1:05 of 3rd period - Taylor Raddysh is hit by Jordan Staal and loses puck.
1:16 of 3rd period - Slapshot by Reilly Smith.
1:16 of 3rd period - Stopped by Ville Husso with a rebound.
1:46 of 3rd period - Minor Penalty to Clayton Keller for Roughing.
1:47 of 3rd period - Aleksander Barkov wins face-off versus Sean Couturier in Vancouver Canucks zone.
2:02 of 3rd period - Wrist shot by Sean Couturier.
2:02 of 3rd period - Shot Misses the Net.
2:28 of 3rd period - Jesperi Kotkaniemi is hit by Shea Theodore.
3:46 of 3rd period - Penalty to Clayton Keller is over, Clayton Keller is back on ice.
3:55 of 3rd period - Snap shot by Robby Fabbri.
3:55 of 3rd period - Deflect By Sam Lafferty.
3:55 of 3rd period - Stopped by Alexandar Georgiev with a rebound.
4:50 of 3rd period - Chris Kreider is hit by Jake Bean and loses puck.
5:53 of 3rd period - Alex Chiasson is hit by Noah Hanifin and loses puck.
6:23 of 3rd period - Minor Penalty to Chad Ruhwedel for Slashing.
6:24 of 3rd period - Aleksander Barkov wins face-off versus Sean Couturier in Vancouver Canucks zone.
6:50 of 3rd period - Sean Couturier is hit by Mikko Rantanen and loses puck.
7:07 of 3rd period - Artturi Lehkonen is hit by Nikolaj Ehlers and loses puck.
7:20 of 3rd period - Wrist shot by Nikolaj Ehlers.
7:20 of 3rd period - Deflect By Sean Couturier.
7:20 of 3rd period - Stopped by Ville Husso with a rebound.
7:22 of 3rd period - Snap shot by Nikolaj Ehlers.
7:22 of 3rd period - Shot Misses the Net.
7:30 of 3rd period - Snap shot by Nikolaj Ehlers.
7:30 of 3rd period - Stopped by Ville Husso with a rebound.
7:32 of 3rd period - Slapshot by Shea Theodore.
7:32 of 3rd period - Shot Misses the Net.
7:34 of 3rd period - Wrist shot by Jack Roslovic.
7:34 of 3rd period - Stopped by Ville Husso with a rebound.
7:36 of 3rd period - Wrist shot by Nikolaj Ehlers.
7:36 of 3rd period - Shot Misses the Net.
7:38 of 3rd period - Snap shot by Roman Josi.
7:38 of 3rd period - Deflect By Miro Heiskanen.
7:38 of 3rd period - Stopped by Ville Husso without a rebound.
7:39 of 3rd period - Aleksander Barkov wins face-off versus Joe Pavelski in Vancouver Canucks zone.
7:48 of 3rd period - Aleksander Barkov is hit by Chris Kreider and loses puck.
8:23 of 3rd period - Penalty to Chad Ruhwedel is over, Chad Ruhwedel is back on ice.
8:57 of 3rd period - Wrist shot by Robby Fabbri.
8:57 of 3rd period - Shot Misses the Net.
8:59 of 3rd period - Slapshot by Jake Bean.
8:59 of 3rd period - Shot Blocked by Marc Staal.
9:25 of 3rd period - Jake Bean is hit by Sean Monahan and loses puck.
9:33 of 3rd period - Icing by Mikko Rantanen.
9:34 of 3rd period - Jesperi Kotkaniemi wins face-off versus Sean Couturier in Vancouver Canucks zone.
9:39 of 3rd period - Wrist shot by Taylor Raddysh.
9:39 of 3rd period - Deflect By Noah Cates.
9:39 of 3rd period - Deflect By Sean Couturier.
9:39 of 3rd period - Shot Blocked by Roman Josi.
9:39 of 3rd period - Puck is out of play.
9:40 of 3rd period - Jesperi Kotkaniemi wins face-off versus Jack Roslovic in Vegas Golden Knights zone.
10:03 of 3rd period - Shea Theodore is hit by Chad Ruhwedel and loses puck.
10:14 of 3rd period - Noah Hanifin is hit by Shea Theodore and loses puck.
11:16 of 3rd period - Slapshot by Miro Heiskanen.
11:16 of 3rd period - Deflect By Taylor Raddysh.
11:16 of 3rd period - Shot Misses the Net.
11:16 of 3rd period - Puck is out of play.
11:17 of 3rd period - Aleksander Barkov wins face-off versus Chris Kreider in Vegas Golden Knights zone.
11:56 of 3rd period - Wrist shot by Reilly Smith.
11:56 of 3rd period - Deflect By Tyler Bertuzzi.
11:56 of 3rd period - Stopped by Ville Husso with a rebound.
12:10 of 3rd period - Wrist shot by Sam Lafferty.
12:10 of 3rd period - Stopped by Alexandar Georgiev without a rebound.
12:11 of 3rd period - Sean Monahan wins face-off versus Robby Fabbri in Vegas Golden Knights zone.
12:43 of 3rd period - Wrist shot by Reilly Smith.
12:43 of 3rd period - Shot Misses the Net.
12:45 of 3rd period - Snap shot by Tyler Bertuzzi.
12:45 of 3rd period - Stopped by Ville Husso without a rebound.
12:46 of 3rd period - Artturi Lehkonen wins face-off versus Jordan Staal in Vancouver Canucks zone.
12:57 of 3rd period - Wrist shot by Aleksander Barkov.
12:57 of 3rd period - Stopped by Alexandar Georgiev with a rebound.
13:08 of 3rd period - Minor Penalty to Mikko Rantanen for Tripping.
13:09 of 3rd period - Reilly Smith wins face-off versus Aleksander Barkov in Vancouver Canucks zone.
13:13 of 3rd period - Snap shot by Chris Kreider.
13:13 of 3rd period - Stopped by Ville Husso with a rebound.
13:15 of 3rd period - Slapshot by Alex Chiasson.
13:15 of 3rd period - Deflect By Reilly Smith.
13:15 of 3rd period - Shot Blocked by Chad Ruhwedel.
13:15 of 3rd period - Puck is out of play.
13:16 of 3rd period - Aleksander Barkov wins face-off versus Joe Pavelski in Vancouver Canucks zone.
13:25 of 3rd period - Snap shot by Joe Pavelski.
13:25 of 3rd period - Shot Blocked by Chad Ruhwedel.
13:47 of 3rd period - Snap shot by Chris Kreider.
13:47 of 3rd period - Stopped by Ville Husso with a rebound.
13:49 of 3rd period - Wrist shot by Joe Pavelski.
13:49 of 3rd period - Shot Misses the Net.
13:51 of 3rd period - Snap shot by Joe Pavelski.
13:51 of 3rd period - Stopped by Ville Husso without a rebound.
13:52 of 3rd period - Sean Couturier wins face-off versus Aleksander Barkov in Vancouver Canucks zone.
13:53 of 3rd period - Slapshot by Nikolaj Ehlers.
13:53 of 3rd period - Shot Blocked by Miro Heiskanen.
14:51 of 3rd period - Shea Theodore is hit by Aleksander Barkov and loses puck.
15:08 of 3rd period - Penalty to Mikko Rantanen is over, Mikko Rantanen is back on ice.
15:31 of 3rd period - Slapshot by Jacob Bryson.
15:31 of 3rd period - Deflect By Travis Hamonic.
15:31 of 3rd period - Stopped by Alexandar Georgiev without a rebound.
15:32 of 3rd period - Eric Staal wins face-off versus Robby Fabbri in Vegas Golden Knights zone.
15:57 of 3rd period - Marc Staal is hit by Noah Hanifin and loses puck.
16:06 of 3rd period - Snap shot by Casey Mittelstadt.
16:06 of 3rd period - Shot Misses the Net.
16:44 of 3rd period - Minor Penalty to Reilly Smith for Tripping.
16:45 of 3rd period - Taylor Raddysh wins face-off versus Eric Staal in Vegas Golden Knights zone.
16:50 of 3rd period - Slapshot by Chad Ruhwedel.
16:50 of 3rd period - Shot Blocked by John Marino.
17:18 of 3rd period - Wrist shot by Aleksander Barkov.
17:18 of 3rd period - Shot Blocked by Travis Hamonic.
18:33 of 3rd period - Icing by Jacob Bryson.
18:34 of 3rd period - Joe Pavelski wins face-off versus Aleksander Barkov in Vancouver Canucks zone.
18:35 of 3rd period - Snap shot by Chris Kreider.
18:35 of 3rd period - Stopped by Ville Husso with a rebound.
18:44 of 3rd period - Penalty to Reilly Smith is over, Reilly Smith is back on ice.
18:58 of 3rd period - Roman Josi is hit by Anton Lundell.
19:38 of 3rd period - Noah Hanifin is hit by Sean Couturier and loses puck.
Goals for this period are 0 for Vancouver Canucks vs 0 for Vegas Golden Knights.
Shots for this period are 4 for Vancouver Canucks vs 14 for Vegas Golden Knights.
Back to the Top